Map: Eternal Empire LE

Players

bleu - Winner!

  • Race: Protoss Protoss
  • League: Diamond
  • Spawn Location: 7:00

A.I. 1 (Very Easy)

  • Race: Terran Terran
  • Spawn Location: 1:00

VOD

Have the link to the VOD?

Description

Time

  • Played on: April 14, 2020, 12:15 a.m.
  • Length: 8:25
Show
View Real Time Build Order
Export as new Build Order

bleu Protoss - Winner!

Build Orders: 1 Gate Expand, Double Forge, Blink Stalkers 

Get SALT Encoding   

  12  0:00  Probe  
  13  0:13  Probe  
  14  0:18  Pylon  
  14  0:25  Probe  
  15  0:37  Probe (Chrono Boost)  
  15  0:38  Gateway  
  16  0:47  Probe (Chrono Boost), Assimilator  
  17  0:52  Probe (Chrono Boost)  
  18  1:05  Probe  
  19  1:17  Probe  
  20  1:24  Nexus  
  20  1:34  Cybernetics Core  
  20  1:37  Probe  
  21  1:43  Assimilator  
  21  1:49  Probe  
  22  1:57  Pylon  
  22  2:02  Probe  
  23  2:12  Warp Gate, Stalker (Chrono Boost)  
  23  2:15  Probe  
  26  2:27  Probe, Twilight Council  
  27  2:35  Stalker  
  29  2:39  Probe x2 (Chrono Boost)  
  31  2:49  Probe x2 (Chrono Boost)  
  33  2:54  Probe x2 (Chrono Boost)  
  35  2:58  Blink (Chrono Boost)  
  35  3:05  Probe  
  36  3:06  Probe  
  36  3:12  Stalker  
  39  3:17  Probe  
  39  3:18  Probe  
  41  3:21  Gateway  
  41  3:27  Gateway  
  41  3:32  Probe  
  41  3:33  Pylon  
  41  3:34  Probe  
  43  3:42  Stalker  
  43  3:44  Probe, Assimilator  
  46  3:51  Probe  
  46  3:55  Robotics Facility  
  47  3:56  Probe  
  48  4:03  Probe  
  48  4:08  Pylon, Probe  
  50  4:15  Probe  
  51  4:20  Probe  
  51  4:24  Stalker  
  54  4:27  Probe, Stalker x2  
  59  4:32  Probe  
  59  4:33  Pylon  
  60  4:39  Probe  
  61  4:47  Nexus, Forge  
  61  4:48  Forge  
  61  4:49  Probe  
  61  4:52  Observer  
  63  4:54  Pylon  
  63  4:55  Pylon  
  63  4:58  Probe  
  64  5:01  Probe  
  64  5:05  Stalker x2  
  69  5:09  Protoss Ground Weapons Level 1 (Chrono Boost)  
  69  5:10  Probe  
  69  5:12  Warp Prism (Chrono Boost)  
  70  5:19  Protoss Ground Armor Level 1 (Chrono Boost)  
  72  5:27  Probe  
  73  5:32  Charge (Chrono Boost)  
  73  5:34  Stalker x2  
  73  5:35  Stalker  
  79  5:40  Pylon  
  79  5:41  Probe  
  80  6:01  Stalker x3  
  86  6:07  Probe x2  
  86  6:08  Probe  
  89  6:19  Probe  
  89  6:20  Probe  
  89  6:24  Gateway  
  91  6:26  Gateway  
  91  6:27  Probe, Gateway  
  91  6:29  Gateway  
  91  6:30  Gateway  
  91  6:32  Probe x2  
  94  6:37  Immortal  
  94  6:39  Probe  
  99  6:43  Stalker x3  
Show
View Real Time Build Order
Export as new Build Order

A.I. 1 (Very Easy) Terran 

Build Orders:  

Get SALT Encoding   

  12  0:00  SCV  
  13  0:13  SCV  
  14  0:18  Supply Depot  
  14  0:37  Refinery  
  14  0:42  Barracks  
  14  1:05  Supply Depot  
  14  1:12  Refinery  
  14  1:30  Marine, Orbital Command  
  15  1:56  SCV  
  16  2:08  SCV  
  17  2:13  Marine  
  18  2:20  SCV  
  19  2:32  Barracks Tech Lab, SCV  
  20  2:44  SCV  
  21  2:56  Marauder, SCV  
  24  6:13  Marine  
  24  6:18  Supply Depot  
  21  6:19  SCV  
  16  6:32  SCV  
  14  6:34  Factory  
Tags
 
Add a new tag
Caveats
  • Supply blocks, unpowered buildings, or Contaminate may cause inaccurate times.
  • Supply counts are checked every 10 seconds.